 Dungeon Crawl Stone Soup version 0.31-a0-265-gcf7e37af1d (webtiles) character file.

Game seed: 3409238135663996760

214 qw the Shooter (level 5, 0/45 HPs)
             Began as a Minotaur Hexslinger on July 13, 2023.
             Slain by an ice beast (12 damage)
             ... on level 4 of the Dungeon.
             The game lasted 00:00:57 (2862 turns).

qw the Shooter (Minotaur Hexslinger)                Turns: 2862, Time: 00:00:58

Health: 0/45       AC:  6    Str: 12 (13) XL:     5   Next: 59%
Magic:  5/5        EV: 10    Int:  9 (10) God:
Gold:   275        SH:  0    Dex: 13 (14) Spells: 5/6 levels left

rFire   . . .        Y - +2 sling
rCold   . . .        (no shield)
rNeg    . . .        d - +0 ring mail
rPois   .            (helmet restricted)
rElec   .            (no cloak)
rCorr   .            k - +0 pair of gloves
SInv    .            (no boots)
Will    .....        b - amulet of regeneration
Stlth   +            (no ring)
HPRegen 1.07/turn    (no ring)
MPRegen 0.09/turn

%: no passive effects
@: no status effects
A: horns 2, retaliatory headbutt
a: no special abilities


You were on level 4 of the Dungeon.
You visited 1 branch of the dungeon, and saw 5 of its levels.

You collected 275 gold pieces.


Innate Abilities, Weirdness & Mutations

You have a pair of horns on your head.
You reflexively headbutt those who attack you in melee.


   Skills:
 - Level 3.5 Fighting
 + Level 5.5 Ranged Weapons
 - Level 1.0 Armour
 - Level 2.1 Dodging
 - Level 1.0 Spellcasting
 - Level 2.0 Hexes


You had 5 spell levels left.
You knew the following spells:

 Your Spells              Type           Power      Damage    Failure   Level
a - Slow                  Hex            16%        N/A       36%         1

Your spell library contained the following spells:

 Spells                   Type           Power      Damage    Failure   Level
 Inner Flame              Hex/Fire       2%         N/A       86%         3
 Portal Projectile        Hex/Tloc       4%         N/A       86%         3
 Cause Fear               Hex            2%         N/A       98%         4

Inventory:

Hand Weapons
 Y - a +2 sling (weapon)
Armour
 d - a +0 ring mail (worn)
 k - a +0 pair of gloves (worn)
Jewellery
 b - an amulet of regeneration (around neck)
Scrolls
 h - a scroll of identify
Potions
 a - a potion of haste
 i - a potion of mutation {unknown}
 j - a potion of invisibility {unknown}
 l - a potion of curing {unknown}

Dungeon Overview and Level Annotations

Branches:
Dungeon (5/15)
 Temple: D:4-7

Altars:
Fedhas
Ru


Message History

The hound bites you.
There is a stone staircase leading up here.
You shoot a sling bullet.
The sling bullet closely misses the ice beast.
The hound barely misses you.
A quokka comes into view.
The ice beast hits you but does no damage.
The hound bites you.
The ice beast hits you but does no damage.
The white imp gestures at you. The puff of frost misses you.
The orc priest hits you with a +0 hand axe!
2857 ||| STAIRDANCE The hound bites you but does no damage.
The ice beast closely misses you. The orc priest misses you.
The adder bites you. The hound barely misses you.
You climb upwards.
There is a stone staircase leading down here.
You shoot a sling bullet.
The sling bullet hits the ice beast but does no damage.
The hound bites you but does no damage.
The ice beast hits you but does no damage.
The orc priest hits you with a +0 hand axe.
The hound bites you.
You shoot a sling bullet.
The sling bullet hits the ice beast but does no damage.
The hound bites you but does no damage.
The ice beast hits you but does no damage.
The orc priest hits you with a +0 hand axe.
The hound closely misses you. You furiously retaliate!
You headbutt the hound, but do no damage.
You shoot a sling bullet.
The sling bullet closely misses the ice beast.
The orc priest calls down the wrath of Beogh upon you.
Pain shoots through your body! The ice beast hits you.
The ice beast freezes you! The hound bites you but does no damage.
You shoot a sling bullet.
The sling bullet closely misses the ice beast.
The hound bites you but does no damage. The ice beast hits you.
The ice beast freezes you!
You die...

##.# #.#############.######....
#.# #.......|....##.#........#
#.# ############.#....###....#
#.# #.......#%#.#.# #.#
###.............. #.#
#.........#.#.#.# #.#
##...#....###....#
#.#############hY.......####.#.#
#(.............@...####...>.....
###############o#>............#.
##.######.####.... ###
#.##.....# #.##.##..# #.##.##..#
#........# ####.###.# #.# #.#


You could see an ice beast, a hound and an orc priest.

Vanquished Creatures
  2 scorpions (D:4)
  2 adders
  An ufetubus (D:4)
  2 worms
  5 dart slugs
  An orc (D:4)
  6 ball pythons
  4 endoplasms
  A giant cockroach (D:4)
  7 goblins
  7 jackals
  3 kobolds
  2 quokkas
  2 bats
  2 frilled lizards (D:2)
  7 rats
54 creatures vanquished.

Notes
Turn   | Place    | Note
-------+----------+-------------------------------------------
     0 | D:1      | qw the Minotaur Hexslinger began the quest for the Orb.
     0 | D:1      | Reached XP level 1. HP: 16/16 MP: 1/1
     0 | D:1      | 0 ||| qw: Version: 0.3-a-52-g30416fa
     0 | D:1      | 0 ||| qw: Game counter: 7639
     0 | D:1      | 0 ||| qw: Melee chars always use a shield: true
     0 | D:1      | 0 ||| qw: God list: Okawaru
     0 | D:1      | 0 ||| qw: Allow faded altars: false
     0 | D:1      | 0 ||| qw: Do Orc after clearing Dungeon:15 true
     0 | D:1      | 0 ||| qw: Do second Lair branch before Depths: true
     0 | D:1      | 0 ||| qw: Lair rune preference: random
     0 | D:1      | 0 ||| qw: Goals: Normal
     0 | D:1      | 0 ||| PLANNING D:1-11
   299 | D:1      | Reached skill level 3 in Ranged Weapons
   321 | D:1      | Reached XP level 2. HP: 18/23 MP: 2/2
   625 | D:1      | 625 ||| UPGRADING to +0 ring mail.
   635 | D:1      | 635 ||| DROPPING +0 robe.
   636 | D:1      | 636 ||| READING scroll labelled KYICVI FUIGHI.
   637 | D:1      | 637 ||| READING scroll labelled ECVYGA SYTAEWNUI.
   641 | D:1      | 641 ||| DROPPING scroll of poison.
   788 | D:2      | Reached XP level 3. HP: 18/29 MP: 3/3
   995 | D:2      | Reached skill level 4 in Ranged Weapons
  1002 | D:2      | 1002 ||| FLEEEEING.
  1003 | D:2      | 1003 ||| FLEEEEING.
  1004 | D:2      | 1004 ||| FLEEEEING.
  1005 | D:2      | 1005 ||| FLEEEEING.
  1006 | D:2      | 1006 ||| FLEEEEING.
  1239 | D:2      | Found a blossoming altar of Fedhas.
  1292 | D:2      | Reached skill level 1 in Armour
  1371 | D:2      | 1371 ||| UPGRADING to +0 pair of gloves.
  1376 | D:2      | 1376 ||| UPGRADING to amulet of regeneration.
  1381 | D:2      | 1381 ||| READING scroll labelled ALOFAY LEKOTS.
  1382 | D:2      | 1382 ||| READING 2 scrolls labelled QETEGOELEMN.
  1394 | D:2      | 1394 ||| READING scroll labelled GATTAOG YMUONK.
  1395 | D:2      | 1395 ||| DRINKING 2 dark potions.
  1396 | D:2      | 1396 ||| DRINKING 2 cyan potions.
  1467 | D:2      | 1467 ||| DROPPING scroll of torment.
  1468 | D:2      | 1468 ||| DROPPING potion of lignification.
  1550 | D:3      | Found a faded altar of an unknown god.
  1599 | D:3      | Found a sacrificial altar of Ru.
  2118 | D:3      | 2118 ||| DROPPING ring of flight.
  2119 | D:3      | 2119 ||| READING scroll labelled HEENINEOSI.
  2120 | D:3      | 2120 ||| READING 2 scrolls labelled FUNEAQ PAUT.
  2121 | D:3      | 2121 ||| DRINKING 2 white potions.
  2122 | D:3      | 2122 ||| DROPPING potion of degeneration.
  2132 | D:4      | Reached XP level 4. HP: 36/36 MP: 4/4
  2493 | D:4      | Noticed a scorpion
  2502 | D:4      | Killed a scorpion
  2503 | D:4      | Reached skill level 5 in Ranged Weapons
  2503 | D:4      | Reached XP level 5. HP: 15/41 MP: 5/5
  2600 | D:4      | Reached skill level 3 in Fighting
  2795 | D:4      | 2795 ||| DROPPING amulet of the acrobat.
  2796 | D:4      | 2796 ||| READING scroll labelled NEPUIKHL PUBUN.
  2797 | D:4      | 2797 ||| READING 2 scrolls of identify.
  2797 | D:4      | 2797 ||| IDENTIFYING metallic puce potion
  2798 | D:4      | 2798 ||| DROPPING potion of berserk rage.
  2839 | D:5      | Entered Level 5 of the Dungeon
  2839 | D:5      | Noticed an ice beast
  2841 | D:5      | 2841 ||| STAIRDANCE
  2855 | D:5      | Noticed a black bear
  2857 | D:5      | 2857 ||| STAIRDANCE
  2862 | D:4      | Slain by an ice beast

Levels and vault maps discovered:
D:1:      dpeg_arrival_line_fractal, layout_loops_ring
D:2:      layout_loops_cross, basic_altar
D:3:      layout_loops_ring, nicolae_ru_sacrificial_ziggurat,
          hellmonk_ecumenical_altar_run_dry, minmay_misc_feat_square
D:4:      layout_loops_ring
D:5:      cheibrodos_fzero, layout_loops_ring

Skill      XL: |  1  2  3  4  5 |
---------------+----------------+-----
Ranged Weapons | 3 4 5 |  5.5
Fighting       | 2 3 |  3.5
Armour         | 1 |  1.0
Dodging        | |  2.1
Spellcasting   | |  1.0
Hexes          | |  2.0

Action                     |  1- 3 |  4- 6 || total
---------------------------+-------+-------++-------
   Fire: Sling             |   110 |    69 ||   179
    Use: Scroll            |     7 |     2 ||     9
         Potion            |     3 |       ||     3
 Armour: Robe              |     2 |       ||     2
         Ring mail         |    16 |    24 ||    40
  Dodge: Dodged            |    20 |    30 ||    50

Table legend:
 A = Non-vault XP
 B = Vault XP
 C = Vault XP percentage of total XP
 D = Non-vault monster count
 E = Vault monster count
 F = Vault count percentage of total count
                 A         B        C        D         E       F
            +---------+---------+-------+---------+---------+-------
      Total |     306 |       0 |   0.0 |      54 |       0 |   0.0
            +---------+---------+-------+---------+---------+-------
        D:1 |      22 |       0 |   0.0 |      13 |       0 |   0.0
        D:2 |      52 |       0 |   0.0 |      19 |       0 |   0.0
        D:3 |      15 |       0 |   0.0 |       8 |       0 |   0.0
        D:4 |     217 |       0 |   0.0 |      14 |       0 |   0.0
            +---------+---------+-------+---------+---------+-------
